Map: Shrines of Lizul

Players

llllllllllll - Winner!

  • Race: Terran Terran

Razza - Winner!

  • Race: Zerg Zerg
  • League: Master

NostrA

  • Race: Zerg Zerg

Tenonee

  • Race: Zerg Zerg
  • League: Diamond

VOD

Have the link to the VOD?

Description

Time

  • Played on: July 29, 2016, 6:43 a.m.
  • Length: 6:14
Show
View Real Time Build Order
Export as new Build Order

llllllllllll Terran - Winner!

Build Orders:  

Get SALT Encoding   

  12  0:00  SCV  
  13  0:12  SCV  
  14  0:18  Supply Depot  
  14  0:25  SCV  
  15  0:40  SCV  
  15  0:42  Barracks  
  16  0:46  Refinery  
  16  0:52  SCV  
  17  1:04  SCV  
  17  1:08  Barracks  
  18  1:16  SCV  
  19  1:29  Orbital Command  
  19  1:30  Reaper  
  20  1:35  Supply Depot  
  20  1:54  SCV  
  20  1:56  Reaper  
  22  2:07  Reaper  
  23  2:09  SCV  
  24  2:23  Command Center  
  24  2:31  Reaper  
  24  2:33  SCV  
  26  2:38  Supply Depot  
  26  2:52  Barracks Reactor  
  26  3:07  Barracks Tech Lab  
  26  3:33  Marine x3  
  29  3:40  Orbital Command, SCV  
  26  3:42  Factory  
  26  3:44  Barracks  
  26  3:45  Refinery  
  26  3:51  Marine x2  
  26  3:52  SCV  
  29  3:56  Barracks  
  29  3:59  Marine  
  30  4:03  Bunker  
  30  4:04  SCV  
  30  4:06  Stimpack  
  30  4:09  Marine x2  
  33  4:10  SCV  
  33  4:16  SCV  
  35  4:17  Marine  
  35  4:22  SCV  
  37  4:25  Supply Depot  
  37  4:27  Marine  
  37  4:28  Widow Mine  
  37  4:29  Orbital Command  
  40  4:32  Marine x2  
  40  4:35  Marine  
  40  4:36  Supply Depot  
  43  4:38  Starport  
  43  4:44  Marine x2  
  45  4:50  Marine  
  45  4:52  Marine  
  47  4:53  Marine, SCV  
  47  4:56  SCV  
  50  5:00  Factory Reactor  
  50  5:05  SCV  
  51  5:08  Marine, SCV  
  51  5:09  Marine x3  
  56  5:17  Medivac, SCV  
  56  5:20  SCV  
  60  5:29  Marine x2, SCV  
  60  5:30  Marine x2  
  60  5:33  SCV  
  66  5:37  Refinery  
  66  5:39  Marine  
  66  5:41  SCV  
  68  5:47  Marine x2  
  68  5:49  Factory Reactor  
  70  5:55  Supply Depot  
  70  5:56  Supply Depot  
  70  6:11  Supply Depot  
  70  6:12  Supply Depot  
Show
View Real Time Build Order
Export as new Build Order

Razza Zerg - Winner!

Build Orders: Hatch First 

Get SALT Encoding   

  12  0:01  Drone  
  13  0:13  Overlord  
  13  0:18  Drone  
  14  0:32  Drone x2  
  16  0:36  Drone  
  17  0:46  Drone  
  18  0:57  Hatchery  
  18  1:00  Drone  
  18  1:02  Extractor  
  17  1:16  Spawning Pool  
  16  1:19  Drone  
  16  1:22  Drone  
  18  1:28  Drone  
  19  1:41  Overlord  
  19  1:51  Drone  
  20  2:02  Zergling x2  
  20  2:03  Queen  
  20  2:06  Baneling Nest  
  22  2:10  Drone  
  22  2:11  Queen  
  22  2:15  Drone  
  26  2:23  Metabolic Boost  
  26  2:25  Drone  
  26  2:27  Drone  
  28  2:32  Drone  
  29  2:39  Drone  
  29  2:43  Drone  
  31  2:54  Hatchery  
  30  3:01  Drone x2  
  30  3:03  Baneling x2  
  30  3:04  Zergling x2  
  33  3:08  Overlord  
  33  3:15  Overlord  
  33  3:22  Drone x3  
  33  3:25  Overlord  
  36  3:35  Roach Warren  
  35  3:42  Drone x5  
  40  3:51  Extractor  
  40  3:52  Drone  
  40  3:53  Drone x2  
  40  3:54  Zergling x2  
  43  3:57  Zergling x2  
  43  3:58  Zergling x2  
  45  4:03  Baneling  
  45  4:13  Baneling  
  45  4:23  Roach x6  
  52  4:26  Roach  
  52  4:27  Roach x3  
  59  4:33  Baneling  
  59  4:34  Roach  
  60  4:41  Roach  
  61  4:54  Drone  
  61  4:55  Drone x4  
  61  4:56  Overlord  
  66  5:13  Overlord  
  66  5:14  Queen  
  66  5:15  Baneling x4  
  66  5:16  Zergling x2  
  66  5:17  Zergling x8  
  73  5:22  Zergling x2  
  74  5:33  Zergling x2  
  74  5:34  Zergling x12  
  81  5:40  Zergling x2  
  81  5:41  Zergling x6  
  81  5:46  Zergling x2  
  80  5:51  Overlord x2  
Show
View Real Time Build Order
Export as new Build Order

NostrA Zerg 

Build Orders: Hatch First 

Get SALT Encoding   

  12  0:01  Drone  
  13  0:12  Overlord  
  13  0:25  Drone  
  14  0:32  Drone x2  
  16  0:36  Drone  
  17  0:54  Hatchery  
  16  0:58  Drone  
  16  1:02  Extractor  
  16  1:14  Spawning Pool  
  15  1:18  Drone  
  15  1:25  Drone  
  17  1:30  Drone  
  18  1:34  Drone  
  19  1:54  Overlord  
  19  2:03  Queen  
  19  2:04  Zergling x2  
  19  2:07  Queen  
  19  2:08  Zergling x2  
  25  2:12  Metabolic Boost  
  25  2:15  Zergling x2  
  26  2:24  Drone  
  26  2:27  Drone  
  28  2:31  Drone  
  28  2:35  Drone  
  29  2:49  Drone x4  
  31  3:00  Zergling x2  
  31  3:02  Zergling x2  
  31  3:09  Zergling x2  
  31  3:16  Zergling x6  
  32  3:25  Roach Warren  
  32  3:27  Zergling x4  
  32  3:33  Zergling x2  
  32  3:34  Zergling x2  
  24  3:45  Drone  
  24  3:46  Drone  
  26  3:50  Drone x2  
  26  3:55  Drone  
  29  4:09  Drone x4  
  32  4:14  Queen  
  34  4:24  Lair  
  34  4:31  Drone x2  
  34  4:41  Drone  
  34  4:43  Overlord x2  
  34  4:54  Roach  
  34  4:57  Roach  
  36  5:02  Roach x4  
  36  5:05  Extractor x2  
  36  5:06  Drone  
  43  5:08  Evolution Chamber  
  43  5:12  Drone  
  43  5:23  Roach  
  43  5:24  Roach  
  43  5:27  Overlord  
  47  5:42  Roach x2  
Show
View Real Time Build Order
Export as new Build Order

Tenonee Zerg 

Build Orders: Hatch First 

Get SALT Encoding   

  12  0:01  Drone  
  13  0:14  Overlord  
  13  0:19  Drone  
  14  0:33  Drone x2  
  16  0:38  Drone  
  17  0:47  Drone  
  18  1:05  Drone  
  18  1:06  Hatchery  
  18  1:10  Extractor  
  17  1:20  Spawning Pool  
  17  1:23  Drone  
  17  1:28  Drone  
  18  1:44  Drone x2  
  20  1:53  Overlord  
  20  2:04  Drone  
  21  2:12  Metabolic Boost  
  21  2:13  Queen  
  23  2:17  Queen  
  25  2:23  Zergling x2  
  25  2:24  Zergling x2  
  27  2:49  Queen  
  29  2:53  Queen  
  31  3:10  Drone x4  
  31  3:11  Drone  
  36  3:20  Overlord  
  34  3:32  Zergling x2  
  34  3:33  Zergling x2  
  36  3:43  Zergling x12  
  36  3:44  Zergling x4  
  44  3:52  Roach Warren  
  43  3:57  Drone  
  43  3:59  Overlord  
  43  4:24  Drone x4  
  46  4:32  Overlord x3  
  46  4:52  Extractor  
  40  4:53  Extractor  
  40  4:54  Extractor  
  40  4:58  Lair  
  36  5:01  Drone x4  
  36  5:02  Drone x6  
  46  5:14  Roach x2  
  49  5:21  Roach x4  
  57  5:34  Queen  
  55  5:38  Roach x4  
  63  5:47  Roach x2  
  71  5:50  Roach x3  
Tags
 
Add a new tag
Caveats
  • Supply blocks, unpowered buildings, or Contaminate may cause inaccurate times.
  • Supply counts are checked every 10 seconds.